 Dungeon Crawl Stone Soup version 0.30-a0-4-ga7cffc901d (webtiles) character file.

Game seed: 18013436927919583425

4 flotson the Sneak (level 1, -2/18 HPs)
             Began as a Demonspawn Delver on Aug 21, 2022.
             Slain by an orc
             ... wielding a +0 mace
              (6 damage)
             ... on level 6 of the Dungeon.
             The game lasted 00:00:27 (34 turns).

flotson the Sneak (Demonspawn Delver)                 Turns: 34, Time: 00:00:28

Health: -2/18      AC:  3    Str: 12    XL:     1   Next: 50%
Magic:  1/1        EV: 11    Int: 11    God:
Gold:   0          SH:  0    Dex: 14    Spells: 0/0 levels left

rFire   . . .      SeeInvis .    b - +0 shortbow
rCold   . . .      Faith    .    (shield currently unavailable)
rNeg    . . .      Spirit   .    i - +0 leather armour
rPois   .          Reflect  .    (no helmet)
rElec   .          Harm     .    (no cloak)
rCorr   .          Rampage  .    (no gloves)
Will    .....                    (no boots)
Stlth   ++........               (no amulet)
HPRegen 0.06/turn                (no ring)
MPRegen 0.07/turn                (no ring)

@: no status effects
A: no striking features
a: no special abilities


You were on level 6 of the Dungeon.
You visited 1 branch of the dungeon, and saw 2 of its levels.

Inventory:

Hand Weapons
 a - a +0 hand axe
 b - a +0 shortbow (weapon)
Missiles
 h - 2 curare-tipped darts
Armour
 i - a +0 leather armour (worn)
Wands
 g - a wand of digging (3)
Scrolls
 c - a scroll of fog
 d - a scroll of magic mapping
 e - a scroll of fear
Potions
 f - a potion of haste


   Skills:
 + Level 3.0 Fighting
 - Level 1.7 Axes
 + Level 0.2 Armour
 + Level 1.9 Dodging
 - Level 4.5 Stealth
 + Level 0.2 Evocations


You couldn't memorise any spells.
You didn't know any spells.
Your spell library was empty.

Dungeon Overview and Level Annotations

Branches:
Dungeon (6/15)
 Temple: D:4-7

Altars:


Message History

A sentinel's mark forms upon you.
You hear a shout!
You hear an angry hiss. x2; You hear a shout! x2
You hear an angry hiss.
You hear a bark!
You hear an angry hiss.
You hear a shout! x4
No target in view!
You see here a +0 shortbow.
i - a +0 shortbow The orc closely misses you.
You hit the orc but do no damage. The orc hits you with a +0 club.
You barely miss the orc. The orc hits you with a +0 club.
You slash the orc!
You kill the orc!
Adjust to which letter? (? for menu, Esc to quit)
b - a +0 shortbow;
i - a +0 leather armour (worn)
b - a +0 shortbow (weapon)
Found a scroll labelled TEGONU GELAI.
Things that are here:
a +0 club; an orc corpse A hobgoblin comes into view.
An iguana comes into view.
There is a stone staircase leading down here.
You climb downwards.
The orc shouts! x2; You hear a shout!
There is a stone staircase leading up here.
You shoot an arrow. The arrow closely misses the orc.
You shoot an arrow. The arrow hits the orc!
You kill the orc!
A scorpion comes into view.
An orc comes into view. It is wielding a +0 mace.
You shoot an arrow. The arrow barely misses the orc.
The orc hits you with a +0 mace!
An orc comes into view. It is wielding a +0 vorpal war axe.
The orc attacks as you move away! The orc closely misses you.
The orc attacks as you move away! The orc hits you with a +0 mace.
The orc attacks as you move away! The orc closely misses you.
The sentinel's mark upon you fades away.
The orc attacks as you move away! The orc hits you with a +0 mace.
* * * LOW HITPOINT WARNING * * *
The orc hits you with a +0 mace.
You die...

# .## ...# .
#####..... ..
#######.@.......
...
.......o........
....
#######o###....#
..... #o# #.##
......#########.#
..
#.....<..soo.s.#
#
#####.##########
#. ..


You could see a scorpion and 3 orcs.

Vanquished Creatures
  2 orcs
2 creatures vanquished.

Notes
Turn   | Place    | Note
-------+----------+-------------------------------------------
     0 | D:5      | flotson the Demonspawn Delver began the quest for the Orb.
     0 | D:5      | Reached XP level 1. HP: 18/18 MP: 1/1
    14 | D:5      | Noticed an iguana
    20 | D:6      | Noticed a scorpion
    34 | D:6      | Slain by an orc

Illustrated notes

Levels and vault maps discovered:
D:5:      layout_basic, nicolae_vehumet_radiance, corexii_shack,
          minmay_fountain_box, corexii_corridor_pit, uniq_grinder
D:6:      minmay_angry_zag, layout_loops_ring, ashenzari_altar_1,
          mainiacjoe_overflow_chevrons, lemuel_round_altar,
          minmay_temple_entry_junction, uniq_eustachio

Action                   || total
-------------------------++-------
Melee: Hand axe          ||     3
 Fire: Shortbow          ||     3
Dodge: Dodged            ||     3

Table legend: (Time is in decaauts)
 A = Elapsed time spent in this place.
 B = Non-inter-level travel time spent in this place.
 C = Inter-level travel time spent in this place.
 D = Time resting spent in this place.
 E = Time spent auto-exploring this place.
 F = Levels seen in this place.
 G = Mean time per level.
                   A        B        C        D        E       F      G
               +--------+--------+--------+--------+--------+-----+--------+
         Total |     35 |     35 |      0 |      0 |      0 |   2 |   17.5 |
       Dungeon |     35 |     35 |      0 |      0 |      0 |   2 |   17.5 |
               +--------+--------+--------+--------+--------+-----+--------+

Top non-repeatable levels by time:
     D:5: 18 daAuts
     D:6: 17 daAuts
